 Dungeon Crawl Stone Soup version 0.29.0-4-gdea44cf6ec (webtiles) character file.

Game seed: 10197975005939852496

7 qw the Sneak (level 1, 0/10 HPs)
             Began as a Felid Delver on Aug 27, 2022.
             Succumbed to an adder's poison
             ... on level 2 of the Dungeon.
             The game lasted 00:00:03 (527 turns).

qw the Sneak (Felid Delver)                          Turns: 527, Time: 00:00:03

Health: 0/10       AC:  1    Str:  8    XL:     1   Next: 91%
Magic:  2/2        EV: 17    Int: 11    God:
Gold:   10         SH:  0    Dex: 17    Spells: 0/0 levels left
                                        Lives:  0   Deaths: 0

rFire   . . .      SeeInvis +     - Unarmed
rCold   . . .      Faith    .   (shield unavailable)
rNeg    . . .      Spirit   .   (body armour unavailable)
rPois   .          Reflect  .   (helmet unavailable)
rElec   .          Harm     .   (cloak unavailable)
rCorr   .          Rampage  .   (gloves unavailable)
Will    .....                   (boots unavailable)
Stlth   +++.......              (no amulet)
HPRegen 0.03/turn               (no ring)
MPRegen 0.08/turn               (no ring)

@: lethally poisoned (0 -> -9), quick
A: very small, claws 1, fangs 3, see invisible, speed 1, shaggy fur 1, stealthy
paws, no weapons or thrown items, no armour, multi-lived
a: no special abilities


You were on level 2 of the Dungeon.
You visited 1 branch of the dungeon, and saw 4 of its levels.

You collected 10 gold pieces.


Innate Abilities, Weirdness & Mutations

You have sharp claws.
You have razor-sharp teeth.
You have supernaturally acute eyesight. (SInv)
You cover ground quickly. (Speed+)
You are covered in fur. (AC +1)
Your paws help you pounce on unaware monsters.
You are incapable of wielding weapons or throwing items.
You cannot wear armour.
You gain extra lives every three experience levels.


   Skills:
 - Level 3.0 Fighting
 - Level 2.6 Dodging
 - Level 6.6 Stealth
 + Level 2.7 Unarmed Combat


You couldn't memorise any spells.
You didn't know any spells.
Your spell library was empty.

Inventory:

Wands
 e - a wand of digging (3)
Potions
 a - a potion of degeneration {unknown}
 b - a potion of flight {unknown}
 d - 2 potions of haste

Dungeon Overview and Level Annotations

Branches:
Dungeon (5/15)
 Temple: D:4-7

Altars:
The Shining One

Shops:
D:5 [


Message History

A ball python comes into view.
492 ||| Stepping ~*~*~tactically~*~*~ (stealth).
494 ||| Stepping ~*~*~tactically~*~*~ (stealth).
495 ||| Stepping ~*~*~tactically~*~*~ (stealth).
497 ||| Stepping ~*~*~tactically~*~*~ (stealth).
499 ||| Stepping ~*~*~tactically~*~*~ (stealth).
501 ||| Stepping ~*~*~tactically~*~*~ (stealth).
A goblin comes into view. It is wielding a +0 club.
Found 11 gold pieces.
The goblin shouts!
An adder comes into view.
The adder moves out of view.
You scratch the goblin.
The goblin is moderately wounded.
The goblin hits you with a +0 club.
You scratch the goblin but do no damage.
The goblin is moderately wounded.
The goblin misses you.
You completely miss the goblin.
The goblin is moderately wounded.
The goblin completely misses you.
You scratch the goblin but do no damage.
The goblin is moderately wounded.
The goblin closely misses you.
You claw the goblin!
You kill the goblin!
You start resting.
An adder is nearby!
The adder hisses angrily.
You miss the adder. The adder bites you.
You are lethally poisoned!
The adder poisons you!
You closely miss the adder.
You feel sick. The adder bites you.
You are more poisoned.
The adder poisons you!
You scratch the adder.
The adder is heavily wounded.
You die...

........#
$.......#
........#
........#
#.......#
##......#
#.....).##
......S@.##
.#######..#
#######.####
#..........#
#..........#
#..........#
#..........#
#..........#
#..........##
###


You could see an adder.

Vanquished Creatures
  An endoplasm (D:3)
  2 goblins
  A hobgoblin (D:4)
  A quokka (D:3)
  A bat (D:2)
6 creatures vanquished.

Notes
Turn   | Place    | Note
-------+----------+-------------------------------------------
     0 | D:5      | qw the Felid Delver began the quest for the Orb.
     0 | D:5      | Reached XP level 1. HP: 10/10 MP: 2/2
     0 | D:5      | 0 ||| qw: Version: 0.1-a-89-g26bdef1
     0 | D:5      | 0 ||| qw: Game counter: 101
     0 | D:5      | 0 ||| qw: Always use a shield: true
     0 | D:5      | 0 ||| qw: God list: Okawaru, Trog
     0 | D:5      | 0 ||| qw: Allow faded altars: false
     0 | D:5      | 0 ||| qw: Do Orc after D:15 true
     0 | D:5      | 0 ||| qw: Do second Lair branch before Depths: true
     0 | D:5      | 0 ||| qw: Lair rune preference: random
     0 | D:5      | 0 ||| qw: Plans: Normal
     0 | D:5      | 0 ||| PLANNING D:1-11
    10 | D:5      | 10 ||| DROPPING scroll of fog.
    11 | D:5      | 11 ||| DROPPING scroll of magic mapping.
    12 | D:5      | 12 ||| DROPPING scroll of fear.
    25 | D:4      | Found a glowing golden altar of the Shining One.
   454 | D:3      | 454 ||| READING scroll labelled EZULAZOIKA.
   492 | D:2      | 492 ||| Stepping ~*~*~tactically~*~*~ (stealth).
   494 | D:2      | 494 ||| Stepping ~*~*~tactically~*~*~ (stealth).
   495 | D:2      | 495 ||| Stepping ~*~*~tactically~*~*~ (stealth).
   497 | D:2      | 497 ||| Stepping ~*~*~tactically~*~*~ (stealth).
   499 | D:2      | 499 ||| Stepping ~*~*~tactically~*~*~ (stealth).
   501 | D:2      | 501 ||| Stepping ~*~*~tactically~*~*~ (stealth).
   526 | D:2      | HP: 2/10 [adder (2)]
   527 | D:2      | Succumbed to an adder's poison

Levels and vault maps discovered:
D:2:      layout_basic, nicolae_ecumenical_snake_handling,
          uniq_crazy_yiuf_cottage
D:3:      layout_loops_ring, minmay_misc_feat_cross, corexii_hall_statues_l,
          skrybe_limestone_x
D:4:      layout_basic, nicolae_overflow_crystal_walls,
          minmay_fractal_squares_gapless_5, uniq_blork_the_orc
D:5:      layout_cave_pools, serial_shops, shop, nicolae_shop_hallway_stairs,
          shop, chequers_serial_rivers_micro_c,
          hangedman_abyss_or_decor_stagger, minmay_fountain_box

Action                   || total
-------------------------++-------
Melee: Unarmed           ||    19
       Punch             ||     1
       Bite              ||     1
  Use: Scroll            ||     1
 Stab: Sleeping          ||     1
Dodge: Dodged            ||     9

Table legend:
 A = Non-vault XP
 B = Vault XP
 C = Vault XP percentage of total XP
 D = Non-vault monster count
 E = Vault monster count
 F = Vault count percentage of total count
                 A         B        C        D         E       F
            +---------+---------+-------+---------+---------+-------
      Total |      11 |       0 |   0.0 |       6 |       0 |   0.0
            +---------+---------+-------+---------+---------+-------
        D:2 |       3 |       0 |   0.0 |       2 |       0 |   0.0
        D:3 |       4 |       0 |   0.0 |       2 |       0 |   0.0
        D:4 |       4 |       0 |   0.0 |       2 |       0 |   0.0
            +---------+---------+-------+---------+---------+-------
